[Event "ICCopen2017"]
[Site "Internet Chess Club"]
[Date "2017.03.25"]
[Round "1"]
[White "arnav311004"]
[Black "JustKid"]
[Result "1-0"]
[ICCResult "Black checkmated"]
[WhiteElo "1622"]
[BlackElo "2198"]
[Opening "Réti: King's Indian attack"]
[ECO "A05"]
[NIC "KI.79"]
[Time "14:03:34"]
[TimeControl "180+0"]

1. Nf3 Nf6 2. g3 g6 3. Bg2 Bg7 4. O-O O-O 5. c4 d6 6. d4 Nc6 7. b3 e5 8.
dxe5 dxe5 9. Bb2 Qxd1 10. Rxd1 Re8 11. e3 Bg4 12. h3 Bf5 13. Na3 a6 14. Nh4
Be4 15. f3 Bf5 16. Nxf5 gxf5 17. Nc2 Rad8 18. Kf2 Nd7 19. Ke2 Nc5 20. Ba3
Ne6 21. Bb2 Nc5 22. Ba3 Ne6 23. Rd5 f4 24. Rad1 fxg3 25. Bb2 f6 26. Kf1 h5
27. h4 Kf7 28. Bh3 Bh6 29. Kg2 Rg8 30. Rd7+ Rxd7 31. Rxd7+ Ne7 32. Ba3 Bf8
33. Bxe7 Bxe7 34. Nb4 Rd8 35. Rxd8 Nxd8 36. Nd5 Bd6 37. Kxg3 c6 38. Nc3 b5
39. Ne4 Be7 40. Bc8 a5 41. Bd7 bxc4 42. bxc4 Bb4 43. Kf2 Ke7 44. Bf5 Ne6 45.
Bg6 Ng7 46. Ng3 Bc5 47. Nxh5 Nxh5 48. Bxh5 f5 49. Bg6 f4 50. Ke2 Bxe3 51. h5
Kf6 52. Be4 c5 53. Bd5 Kg5 54. Bf7 Kh6 55. Kd3 Bd4 56. Ke4 Kg5 57. a4 Kh6
58. Bg6 Kg5 59. Kd5 Kh6 60. Ke6 Bc3 61. Kd6 Bd4 62. Kc6 Be3 63. Kb6 Kg5 64.
Kxa5 e4 65. Bxe4 Kxh5 66. Kb6 Kh4 67. a5 Kg3 68. a6 Kf2 69. a7 Bd4 70. a8=Q
Ke3 71. Qd5 Kf2 72. Qxc5 Bxc5+ 73. Kxc5 Ke3 74. Kd5 Kd2 75. c5 Ke3 76. Ke5
Kf2 77. c6 Kg3 78. c7 Kf2 79. Kxf4 Ke2 80. c8=Q Kd2 81. Qc2+ Ke1 82. Ke3 Kf1
83. Qf2# {Black checkmated} 1-0

[Event "ICCopen2017"]
[Site "Internet Chess Club"]
[Date "2017.03.25"]
[Round "1"]
[White "joppie"]
[Black "TrendFriend"]
[Result "0-1"]
[ICCResult "White forfeits on time"]
[WhiteElo "1619"]
[BlackElo "2412"]
[Opening "Old Benoni defense"]
[ECO "A43"]
[NIC "OI.09"]
[Time "14:04:37"]
[TimeControl "180+0"]

1. d4 c5 2. c4 cxd4 3. Qxd4 Nc6 4. Qd1 Nf6 5. Nf3 e6 6. Bg5 Bb4+ 7. Nc3 Qa5
8. Bxf6 gxf6 9. Qb3 Bxc3+ 10. Qxc3 Qxc3+ 11. bxc3 b6 12. e3 Ke7 13. Be2 Ba6
14. O-O Rac8 15. Rfd1 Na5 16. Nd2 Bxc4 17. Nxc4 Nxc4 18. Rd4 d5 19. Rb1 Rc7
20. Rb4 Nd6 21. c4 dxc4 22. Bxc4 Nxc4 23. Rdxc4 Rhc8 24. Rxc7+ Rxc7 25. g3
Rc1+ 26. Kg2 Rc2 27. a4 Rc5 28. Rh4 h5 29. Kf3 Kd6 30. Ke2 Kc6 31. Kd3 Kb7
32. Rf4 f5 33. Rh4 Ka6 34. Rxh5 Ka5 35. Rh4 Rc2 36. f3 Ra2 37. Rh7 Rxa4 38.
Rxf7 a6 39. Re7 Ra2 40. h4 Rg2 41. Rxe6 Rxg3 42. Re5+ b5 43. Rxf5 Rh3 44. h5
Kb4 45. Rf4+ Kb3 46. Rf6 a5 47. Rf5 Ka4 48. Kc3 b4+ 49. Kc4 b3 50. e4 Rh2
51. Rf8 Rc2+ 52. Kd3 Rc5 53. h6 Rh5 {White forfeits on time} 0-1

[Event "ICCopen2017"]
[Site "Internet Chess Club"]
[Date "2017.03.25"]
[Round "1"]
[White "rickky20"]
[Black "Aladdin"]
[Result "0-1"]
[ICCResult "White checkmated"]
[WhiteElo "1618"]
[BlackElo "2322"]
[Opening "Trompowsky attack (Ruth, Opocenský opening)"]
[ECO "A45"]
[NIC "QP.07"]
[Time "14:04:21"]
[TimeControl "180+0"]

1. d4 Nf6 2. Bg5 e6 3. e4 c5 4. e5 h6 5. Bc1 Nh7 6. Bd3 Nc6 7. Bxh7 Rxh7 8.
c3 d6 9. exd6 Bxd6 10. dxc5 Bxc5 11. Qxd8+ Kxd8 12. Nf3 b6 13. Bf4 Ba6 14.
Nbd2 Ke7 15. Ne4 Bd3 16. Nfd2 e5 17. Bg3 Rd8 18. O-O-O Rhh8 19. Nxc5 bxc5
20. Rhe1 f6 21. f4 Ke6 22. fxe5 fxe5 23. Nf3 e4 24. Nd2 Kf5 25. Re3 c4 26.
Rde1 Rhe8 27. b3 cxb3 28. axb3 a5 29. Bc7 Rd7 30. Bg3 g5 31. Kb2 h5 32. h3
g4 33. h4 Re6 34. Nf1 Ne7 35. Rc1 Nd5 36. Ree1 e3 37. Bh2 e2 38. Ng3+ Kg6
39. c4 Nb4 40. Rc3 Re3 41. Nh1 Rf7 42. Bg1 Ree7 43. Ng3 Re5 44. Bd4 Ree7 45.
Bc5 Rd7 46. Nxe2 Bxe2 47. Rxe2 Nd3+ 48. Rxd3 Rxd3 49. Re5 Rf5 50. Re6+ Kf7
51. Rc6 Rd2+ 52. Ka3 Rxg2 53. Rc7+ Ke6 54. Bd4 g3 55. Rc6+ Kd7 56. Rg6 Rf4
57. Bf6 Rg4 58. Bg5 Re2 59. Rg7+ Ke6 60. Rg6+ Kf5 61. Rf6+ Ke4 62. Re6+ Kd3
63. Rf6 g2 64. Rf3+ Kc2 65. Be3 Rxe3 66. Rxe3 g1=Q 67. Re2+ Kd3 68. Ra2 Qc1+
69. Ka4 Qc3 70. Kb5 Qb4+ 71. Kc6 Rg6+ 72. Kd5 Qb6 73. c5 Qc6+ 74. Ke5 Qe6+
75. Kf4 Qe4# {White checkmated} 0-1

[Event "ICCopen2017"]
[Site "Internet Chess Club"]
[Date "2017.03.25"]
[Round "1"]
[White "Rari"]
[Black "EGK"]
[Result "1-0"]
[ICCResult "Black forfeits on time"]
[WhiteElo "1706"]
[BlackElo "1926"]
[Opening "Scandinavian (center counter) defense"]
[ECO "B01"]
[NIC "VO.17"]
[Time "14:04:39"]
[TimeControl "180+0"]

1. e4 d5 2. d3 dxe4 3. dxe4 Qxd1+ 4. Kxd1 e5 5. Be3 f5 6. f3 Nf6 7. Nd2 Be6
8. c3 Nbd7 9. Kc2 Nc5 10. b4 Ncd7 11. Bd3 g6 12. Ne2 O-O-O 13. Rhd1 Nb6 14.
a4 Kb8 15. a5 Nc8 16. h3 Be7 17. g4 Nd6 18. g5 Nh5 19. Rg1 f4 20. Bf2 Bxh3
21. Nc4 Nxc4 22. Bxc4 Rd6 23. Bc5 Rd7 24. Bb5 c6 25. Bxe7 Rxe7 26. Bc4 Be6
27. Bxe6 Rxe6 28. Rad1 Kc7 29. Kb3 Rd8 30. Rxd8 Kxd8 31. Rd1+ Kc7 32. c4 Rd6
33. Rxd6 Kxd6 34. Kc3 Ng3 35. Kd2 Nxe2 36. Kxe2 Ke7 37. Kf2 a6 38. Kg2 Kf7
39. Kh3 Kg7 40. Kg4 h6 41. Kh4 hxg5+ 42. Kxg5 Kf7 43. Kh4 c5 44. b5 Kf6 45.
Kg4 Ke6 46. Kg5 axb5 47. cxb5 Kd6 48. a6 bxa6 49. bxa6 Kc7 50. Kxg6 c4 51.
Kf5 c3 52. Kxe5 c2 53. a7 c1=Q 54. a8=Q Qc5+ 55. Qd5 Qe7+ 56. Kxf4 Qf6+ 57.
Qf5 Qc3 58. Qe5+ {Black forfeits on time} 1-0

[Event "ICCopen2017"]
[Site "Internet Chess Club"]
[Date "2017.03.25"]
[Round "1"]
[White "AlonzoMosely"]
[Black "NWRiver"]
[Result "1-0"]
[ICCResult "Black resigns"]
[WhiteElo "2245"]
[BlackElo "1592"]
[Opening "Benko's opening"]
[ECO "A00"]
[NIC "VO.09"]
[Time "14:04:48"]
[TimeControl "180+0"]

1. g3 e5 2. Bg2 d6 3. d3 Nf6 4. c4 Be7 5. Nc3 c6 6. Nf3 h6 7. O-O O-O 8. b3
b6 9. Bb2 Bb7 10. d4 exd4 11. Nxd4 Qc7 12. Nf5 Re8 13. Nxe7+ Rxe7 14. Qd4 c5
15. Qd2 Bxg2 16. Kxg2 Nc6 17. f3 Nd4 18. e3 Nc6 19. Nb5 Qb7 20. Bxf6 gxf6
21. Nxd6 Qd7 22. Rad1 Rd8 23. Qf2 Qc7 24. Nf5 Rxd1 25. Nxe7+ Qxe7 26. Rxd1
Kg7 27. Qd2 Ne5 28. Qd6 Qb7 29. Rd5 Qa6 30. a4 Qb7 31. h3 a6 32. f4 Ng6 33.
Qd7 Qa8 34. e4 Nf8 35. Qe7 Ne6 36. h4 Nd4 37. Rd8 Qc6 38. Qf8+ Kg6 39. Qg8+
Kh5 40. Kh3 Qe6+ 41. g4+ {Black resigns} 1-0

[Event "ICCopen2017"]
[Site "Internet Chess Club"]
[Date "2017.03.25"]
[Round "1"]
[White "flinkfinger"]
[Black "TeddyBear"]
[Result "1-0"]
[ICCResult "Black resigns"]
[WhiteElo "2190"]
[BlackElo "1559"]
[Opening "English: Caro-Kann defensive system"]
[ECO "A11"]
[NIC "EO.64"]
[Time "14:05:26"]
[TimeControl "180+0"]

1. c4 c6 2. Nf3 d5 3. e3 Bg4 4. cxd5 cxd5 5. Qb3 Bxf3 6. gxf3 Qd7 7. Nc3 e6
8. d4 a6 9. Na4 Nc6 10. Nb6 Qd8 11. Nxa8 Qxa8 12. Bd2 Bd6 13. Bd3 Qb8 14.
Ke2 Nge7 15. h4 O-O 16. h5 h6 17. a4 e5 18. dxe5 Nxe5 19. Bc2 Nc4 20. Qd3 f5
21. Bc3 b5 22. b3 Nb6 23. axb5 axb5 24. Rhg1 Rf7 25. Qd4 Nc6 26. Rxg7+ Kf8
27. Rxf7+ Kxf7 28. Qg7+ Ke8 29. Bxf5 {Black resigns} 1-0

[Event "ICCopen2017"]
[Site "Internet Chess Club"]
[Date "2017.03.25"]
[Round "1"]
[White "herbyeddy"]
[Black "Rammstein"]
[Result "0-1"]
[ICCResult "White forfeits on time"]
[WhiteElo "1520"]
[BlackElo "2131"]
[Opening "French: advance, Paulsen attack"]
[ECO "C02"]
[NIC "FR.03"]
[Time "14:04:28"]
[TimeControl "180+0"]

1. e4 e6 2. d4 d5 3. e5 c5 4. c3 Nc6 5. Nf3 Qb6 6. a3 c4 7. Nbd2 Na5 8. b4
cxb3 9. Rb1 Bd7 10. Nxb3 Ba4 11. Nfd2 Rc8 12. Qc2 Nc4 13. Qa2 Qc7 14. Nxc4
dxc4 15. Nd2 b5 16. Be2 Ne7 17. O-O Nd5 18. Bb2 Be7 19. Bd1 Bxd1 20. Rfxd1
O-O 21. Ba1 Qc6 22. Nf1 a6 23. Ne3 Rfd8 24. Nxd5 Rxd5 25. Qe2 f6 26. exf6
Bxf6 27. Bb2 Re8 28. Re1 e5 29. dxe5 Rdxe5 30. Qd2 Bg5 31. Qd1 Rxe1+ 32.
Qxe1 Rxe1+ 33. Rxe1 Bf6 34. f3 Qd5 35. Re2 Qd1+ 36. Kf2 Qd3 37. Re3 Qc2+ 38.
Re2 Qb3 39. Re8+ Kf7 40. Re2 Bxc3 {White forfeits on time} 0-1

[Event "ICCopen2017"]
[Site "Internet Chess Club"]
[Date "2017.03.25"]
[Round "1"]
[White "primerpaso"]
[Black "Zoogzwang"]
[Result "0-1"]
[ICCResult "White forfeits on time"]
[WhiteElo "1561"]
[BlackElo "2194"]
[Opening "English opening"]
[ECO "A10"]
[NIC "EO.22"]
[Time "14:04:41"]
[TimeControl "180+0"]

1. c4 d6 2. Nc3 e5 3. g3 Bd7 4. Bg2 Bc6 5. Nd5 Ne7 6. e3 Nd7 7. Ne2 g6 8.
O-O Bg7 9. d4 O-O 10. Nxe7+ Qxe7 11. d5 Nb6 12. dxc6 bxc6 13. Bxc6 Rad8 14.
Bg2 Nxc4 15. Nc3 Nb6 16. b3 Qe6 17. Nd5 Na8 18. Bb2 c6 19. Nb4 d5 20. Qe2 a5
21. Nd3 Nc7 22. Rac1 Rfe8 23. Nc5 Qd6 24. Nb7 Qf6 25. Nxd8 Rxd8 26. Qc2 Rd6
27. Qc5 Re6 28. Qxa5 Qe7 29. Rfd1 h5 30. Qc5 Qd8 31. Qb6 Qe7 32. Qa7 h4 33.
Ba3 Qd7 34. Qb8+ Kh7 35. Qb4 hxg3 36. hxg3 Rf6 37. Qd2 Qg4 38. Re1 g5 39.
Qe2 Qe6 40. Bf3 Rh6 41. Bg4 f5 42. Bf3 g4 43. Bg2 Qf7 44. Kf1 Qe8 45. Red1
Ne6 46. Rxc6 Qxc6 47. Bxd5 Qe8 48. Qc4 Ng5 49. Bc6 Qh5 50. Rd7 Nf3 51. Rxg7+
Kxg7 {White forfeits on time} 0-1

[Event "ICCopen2017"]
[Site "Internet Chess Club"]
[Date "2017.03.25"]
[Round "1"]
[White "kfakta"]
[Black "Piranha"]
[Result "0-1"]
[ICCResult "White checkmated"]
[WhiteElo "2437"]
[BlackElo "1671"]
[Opening "Dutch"]
[ECO "A80"]
[NIC "HD.12"]
[Time "14:04:58"]
[TimeControl "180+0"]

1. d4 f5 2. Nf3 Nf6 3. g3 g6 4. Bg2 Bg7 5. O-O d6 6. c3 O-O 7. Nbd2 Qe8 8.
Nb3 c6 9. Re1 e5 10. h3 e4 11. Nfd2 d5 12. f3 Be6 13. fxe4 fxe4 14. Nf1 Nbd7
15. Bf4 Nh5 16. Bd6 Rf7 17. Ne3 Bf8 18. Bxf8 Qxf8 19. Kh2 Qd6 20. Nf1 Raf8
21. e3 Rxf1 22. Rxf1 Qxg3+ 23. Kh1 Bxh3 24. Rxf8+ Nxf8 25. Qf1 Qh4 26. Kg1
Bg4 27. Qf2 Ng3 28. Re1 Ne6 29. Nd2 Ng5 30. b4 Bh3 31. a4 h5 32. Nf1 Bxg2
33. Qxg2 Nf3+ 34. Kf2 Nh1+ 35. Ke2 Qxe1# {White checkmated} 0-1

[Event "ICCopen2017"]
[Site "Internet Chess Club"]
[Date "2017.03.25"]
[Round "1"]
[White "CristianS"]
[Black "costaura"]
[Result "1-0"]
[ICCResult "Black forfeits on time"]
[WhiteElo "2171"]
[BlackElo "1544"]
[Opening "Queen's pawn game, Chigorin variation"]
[ECO "D02"]
[NIC "QP.08"]
[Time "14:04:56"]
[TimeControl "180+0"]

1. d4 d5 2. Nf3 Nc6 3. e3 g6 4. Bd3 Bg7 5. Nbd2 Bg4 6. c3 e5 7. dxe5 Nxe5 8.
Be2 Bxf3 9. Nxf3 Nxf3+ 10. Bxf3 Ne7 11. O-O O-O 12. Qc2 c6 13. Re1 Nf5 14.
b3 Qc7 15. Bb2 Nh4 16. Be2 Rae8 17. Ba3 c5 18. Rad1 Rd8 19. c4 dxc4 20. Qxc4
Nf5 21. Qxc5 Qxc5 22. Bxc5 Rfe8 23. a4 {Black forfeits on time} 1-0

[Event "ICCopen2017"]
[Site "Internet Chess Club"]
[Date "2017.03.25"]
[Round "1"]
[White "achessman"]
[Black "Red-white"]
[Result "0-1"]
[ICCResult "White resigns"]
[WhiteElo "1732"]
[BlackElo "3005"]
[Opening "Caro-Kann: exchange, Rubinstein variation"]
[ECO "B13"]
[NIC "CK.02"]
[Time "14:05:12"]
[TimeControl "180+0"]

1. e4 c6 2. d4 d5 3. exd5 cxd5 4. Bd3 Nf6 5. c3 Nc6 6. Bf4 a6 7. Qb3 Na5 8.
Qc2 Bg4 9. Nd2 e6 10. Ngf3 Bd6 11. Qa4+ b5 12. Bxb5+ axb5 13. Qxb5+ Qd7 14.
Qxd7+ Kxd7 15. Be3 Nc4 16. Nxc4 dxc4 17. Nd2 Rhc8 18. a4 Bf5 19. Kd1 Bd3 20.
Nf3 Nd5 21. Kd2 Rcb8 22. Ra2 Ra5 23. Ne1 Bg6 24. Nc2 f6 25. Rha1 Kc7 26. g3
Rba8 27. f4 Be8 28. Na3 Bxa3 29. Rxa3 Rxa4 30. Rxa4 Rxa4 31. Rxa4 Bxa4 32.
Bf2 Kc6 33. h3 Bb3 34. Bg1 Ba2 35. Bh2 Bb1 36. g4 f5 37. g5 h5 38. h4 g6 39.
Bg3 Kb5 40. Bf2 Be4 41. Kc1 Ka4 42. Be1 Kb3 43. Bg3 Bd3 44. Bh2 Ne3 45. Bg3
Ng2 46. Kd2 Kxb2 47. d5 exd5 48. Bf2 Nxf4 49. Bd4 Ne6 {White resigns} 0-1

[Event "ICCopen2017"]
[Site "Internet Chess Club"]
[Date "2017.03.25"]
[Round "1"]
[White "bennywins"]
[Black "jasrom"]
[Result "0-1"]
[ICCResult "White checkmated"]
[WhiteElo "1465"]
[BlackElo "2021"]
[Opening "French: exchange variation"]
[ECO "C01"]
[NIC "FR.01"]
[Time "14:04:37"]
[TimeControl "180+0"]

1. e4 e6 2. d4 d5 3. exd5 exd5 4. c4 c6 5. Nc3 Nf6 6. Nf3 Be7 7. Bf4 O-O 8.
Be2 Be6 9. Qb3 Qb6 10. Qxb6 axb6 11. cxd5 Nxd5 12. Nxd5 Bxd5 13. a3 Bb4+ 14.
Bd2 Bxd2+ 15. Kxd2 Nd7 16. Ne5 Nxe5 17. dxe5 Bxg2 18. Rhg1 Bd5 19. h4 Rfe8
20. f4 Rad8 21. Kc3 f6 22. Bh5 Rf8 23. Rg3 fxe5 24. fxe5 Rf5 25. Be2 Rxe5
26. Bd3 Be4 27. Rag1 Rc5+ 28. Kb4 Bxd3 29. Rxg7+ Kh8 30. Rxb7 Rb5+ 31. Kc3
Bg6 32. h5 Bxh5 33. Rh1 Bg6 34. Re7 Rd3+ 35. Kc4 Rf3 36. Re6 Bf7 37. Kd4
Bxe6 38. Ke4 Bd5+ 39. Ke5 Re3+ 40. Kd6 Bxh1 41. Kc7 c5 42. Kb8 c4 43. Ka7
Rxb2 44. a4 c3 45. a5 c2 46. axb6 Rxb6 47. Kxb6 c1=Q 48. Ka7 Rb3 49. Ka6
Qa3# {White checkmated} 0-1

[Event "ICCopen2017"]
[Site "Internet Chess Club"]
[Date "2017.03.25"]
[Round "1"]
[White "Gais"]
[Black "wagnerbi"]
[Result "0-1"]
[ICCResult "White forfeits on time"]
[WhiteElo "1461"]
[BlackElo "1995"]
[Opening "Queen's Indian: Riumin variation"]
[ECO "E16"]
[NIC "QI.06"]
[Time "14:04:18"]
[TimeControl "180+0"]

1. d4 Nf6 2. c4 e6 3. Nf3 b6 4. g3 Bb7 5. Bg2 Bb4+ 6. Bd2 Be7 7. Nc3 O-O 8.
O-O c5 9. d5 exd5 10. Nh4 Re8 11. cxd5 d6 12. e4 Nbd7 13. f4 Ba6 14. Re1 Bf8
15. a4 h6 16. Qc2 c4 17. Rad1 Nc5 18. Nf5 Nd3 19. Re2 g6 20. Nh4 Rc8 21. Nf3
Nh7 22. Nd4 Bg7 23. Be3 Nf6 24. Nc6 Qd7 25. Bd4 Bb7 26. e5 Ng4 27. Nb5 a6
28. Nxd6 Bxc6 29. dxc6 Rxc6 30. Nxe8 Qxe8 31. Bxc6 Qxc6 32. h3 Nb4 33. Qc3
Nd5 34. Qc2 Nb4 35. Qd2 Nd3 36. hxg4 Qf3 37. Rg2 Qxg4 38. Rf1 h5 39. Qd1 Qe6
40. Rd2 Qd5 41. Bf2 b5 42. Rxd3 cxd3 43. Re1 b4 44. Re3 d2 45. Re2 Bf8 46.
Rxd2 Qc4 47. Rd4 Qa2 48. b3 Qb2 49. Rd2 Qc3 50. Rd3 Qc6 51. Rd6 Bxd6 52.
exd6 Qd7 53. Qd5 Kg7 54. Bc5 f6 55. Qd4 Qf7 56. Qc4 Qd7 57. Qxb4 h4 58. Qb6
Qg4 59. Qc7+ Kh6 60. Bf2 hxg3 61. Qc1 gxf2+ 62. Kxf2 Qh4+ 63. Kf3 Qh3+ 64.
Ke4 Qd7 65. f5+ Kg7 66. fxg6 Qe6+ 67. Kf4 Qxd6+ 68. Kf3 Qd5+ 69. Kg4 Qe4+
70. Kg3 Qxg6+ 71. Kf3 Qf5+ 72. Ke2 Qe4+ 73. Qe3 Qc2+ 74. Kf3 Qf5+ 75. Ke2
Qc2+ 76. Kf3 Qf5+ 77. Ke2 Qg4+ 78. Kd3 Qd7+ 79. Ke2 Qg4+ 80. Kd2 Qf5 81. Ke2
Qc2+ 82. Kf3 Qd1+ 83. Kf2 Qc2+ 84. Kf3 Qf5+ 85. Ke2 Qg4+ 86. Kd2 Qd7+ 87.
Ke2 Qf5 88. Kd2 Qd5+ 89. Ke2 Qg5 90. Kd2 Qg2+ 91. Kd3 Qd5+ 92. Ke2 Qg2+ 93.
Kd3 Qd5+ 94. Ke2 Qg2+ {White forfeits on time} 0-1

[Event "ICCopen2017"]
[Site "Internet Chess Club"]
[Date "2017.03.25"]
[Round "1"]
[White "PeterOsgood"]
[Black "alsaimer"]
[Result "1-0"]
[ICCResult "Black resigns"]
[WhiteElo "1776"]
[BlackElo "1001"]
[Opening "QGD: Marshall defense"]
[ECO "D06"]
[NIC "QP.08"]
[Time "14:04:55"]
[TimeControl "180+0"]

1. d4 d5 2. c4 Nf6 3. cxd5 Nxd5 4. Nf3 Bg4 5. e4 Nb6 6. Nc3 g6 7. Be3 Bg7 8.
Be2 O-O 9. O-O N8d7 10. h3 Bxf3 11. Bxf3 Nc4 12. Bc1 e5 13. d5 Nf6 14. b3
Nb6 15. Bb2 c6 16. dxc6 bxc6 17. Rc1 Qxd1 18. Rfxd1 a5 19. Na4 Nxa4 20. bxa4
Ne8 21. Ba3 Nf6 22. Bxf8 Bxf8 23. Rxc6 Kg7 24. Rdc1 Rb8 25. g3 Rb2 26. R1c2
Rb1+ 27. Kg2 Rb4 28. R6c4 Rb1 29. Be2 Bb4 30. f3 Re1 31. Rc7 Bd6 32. Ra7 Nh5
33. Rxa5 Bb8 34. Rb5 Ba7 35. Bf1 Be3 36. Re2 Rxe2+ 37. Bxe2 Nf6 38. Rxe5 Nd7
39. Rd5 Nb6 40. Rd3 Bc1 41. a5 Nc4 42. Rc3 Nd2 43. Rxc1 {Black resigns} 1-0

[Event "ICCopen2017"]
[Site "Internet Chess Club"]
[Date "2017.03.25"]
[Round "1"]
[White "HouseMorgan"]
[Black "wakawaka"]
[Result "1-0"]
[ICCResult "Black forfeits on time"]
[WhiteElo "1982"]
[BlackElo "1433"]
[Opening "King's Indian: Sämisch, 6...Nc6"]
[ECO "E83"]
[NIC "KI.36"]
[Time "14:07:31"]
[TimeControl "180+0"]

1. d4 Nf6 2. c4 g6 3. Nc3 Bg7 4. e4 d6 5. f3 O-O 6. Be3 Nc6 7. Qd2 e5 8.
Nge2 exd4 9. Nxd4 Ne5 10. O-O-O a6 11. h4 b5 12. cxb5 axb5 13. Bxb5 Ba6 14.
h5 {Black forfeits on time} 1-0

[Event "ICCopen2017"]
[Site "Internet Chess Club"]
[Date "2017.03.25"]
[Round "1"]
[White "audipudy"]
[Black "Sertoespj"]
[Result "0-1"]
[ICCResult "White forfeits on time"]
[WhiteElo "1603"]
[BlackElo "2303"]
[Opening "Sicilian: Taimanov variation"]
[ECO "B45"]
[NIC "SI.39"]
[Time "14:04:53"]
[TimeControl "180+0"]

1. e4 c5 2. Nf3 e6 3. d4 cxd4 4. Nxd4 Nc6 5. Nc3 d6 6. g3 Bd7 7. Bg2 Nf6 8.
O-O Be7 9. Re1 O-O 10. Nxc6 Bxc6 11. e5 dxe5 12. Qxd8 Rfxd8 13. Bxc6 bxc6
14. Rxe5 Nd5 15. Nxd5 cxd5 16. Re2 d4 17. Bf4 Bf6 18. Be5 d3 19. cxd3 Rxd3
20. Bxf6 gxf6 21. Rc1 Rb8 22. b3 Rb6 23. Rc7 Ra6 24. Kg2 Kg7 25. h4 h5 26.
Rec2 f5 27. Rb7 f4 28. a4 Rb6 29. Rxb6 axb6 30. Rb2 f3+ 31. Kh3 Kf6 32. b4
Rd4 33. a5 bxa5 34. bxa5 Ra4 35. Rb5 Kg6 36. Rg5+ Kh6 37. Rb5 f6 38. Rb6 Re4
39. a6 Kg6 40. a7 Ra4 41. Rxe6 Rxa7 42. Re3 Ra1 43. Rxf3 Ra2 44. Kg2 Ra4 45.
Rc3 Ra2 46. Rc7 Ra5 47. Rc4 Ra3 48. Rd4 Ra2 49. Rc4 Rb2 50. Rd4 Rc2 51. Rd8
Rc4 52. Rg8+ Kh7 53. Rf8 Kg7 54. Rb8 Rc5 55. Rb7+ Kg6 56. Rb8 Rd5 57. Rg8+
Kh7 58. Rf8 Kg7 59. Rb8 Rf5 60. Rb7+ Kg6 61. Rb8 Kf7 62. Rh8 Ke6 63. Ra8 Kf7
64. Ra7+ Kg6 65. Ra8 Re5 66. Ra7 Kh6 67. Ra8 Re4 68. Rh8+ Kg6 69. Rg8+ Kf7
70. Rh8 Re5 71. Rh7+ Kg8 72. Ra7 Rf5 73. Kg1 Kf8 74. Kg2 Kg8 75. Kg1 Re5 76.
Kg2 Rc5 77. Kg1 Rb5 78. Kg2 Rd5 79. Re7 Rf5 80. Ra7 Rc5 81. Kg1 Rb5 82. Kg2
Rc5 83. Kg1 Kf8 84. Kg2 Ke8 85. Kg1 Kd8 86. Kg2 Ke8 87. Rf7 Kxf7 88. Kg1 Kg6
89. Kg2 Kf5 90. Kg1 Rc2 91. Kg2 Ke4 92. Kg1 Kf3 93. Kh2 Rxf2+ 94. Kh1 Re2
95. Kg1 Kxg3 96. Kf1 Rb2 97. Ke1 Rh2 98. Kd1 Rxh4 99. Kc1 Rh2 100. Kd1 Rg2
101. Ke1 h4 102. Kf1 h3 {White forfeits on time} 0-1

[Event "ICCopen2017"]
[Site "Internet Chess Club"]
[Date "2017.03.25"]
[Round "1"]
[White "mehrdad1978"]
[Black "sanka"]
[Result "1-0"]
[ICCResult "Black forfeits on time"]
[WhiteElo "1837"]
[BlackElo "1291"]
[Opening "QGD: exchange, positional line, 5...c6"]
[ECO "D35"]
[NIC "QO.16"]
[Time "14:06:14"]
[TimeControl "180+0"]

1. d4 d5 2. c4 e6 3. Nc3 Nf6 4. cxd5 exd5 5. Bg5 c6 6. e3 Be7 7. Qc2 O-O 8.
Bd3 Nbd7 9. Nge2 h6 10. Bh4 a6 11. f3 c5 12. O-O c4 13. Bf5 Nb6 14. Rad1
Bxf5 15. Qxf5 Rc8 16. e4 g6 17. Qh3 Kg7 18. e5 Nh7 19. Bxe7 Qxe7 20. f4 f6
21. Qe3 fxe5 22. dxe5 Qe6 23. Nd4 Qe7 24. Nc2 Qe6 25. Rd2 Rcd8 26. Rfd1 Rf7
27. Nd4 Qe7 28. e6 Rf6 29. Qe5 Nf8 30. Re2 Re8 31. Rde1 Nxe6 32. Nxe6+ Qxe6
33. Qxe6 Rexe6 34. Rxe6 {Black forfeits on time} 1-0

[Event "ICCopen2017"]
[Site "Internet Chess Club"]
[Date "2017.03.25"]
[Round "1"]
[White "usafchamp"]
[Black "Mercury"]
[Result "0-1"]
[ICCResult "White forfeits on time"]
[WhiteElo "1534"]
[BlackElo "2170"]
[Opening "Sicilian defense"]
[ECO "B40"]
[NIC "SI.43"]
[Time "14:06:32"]
[TimeControl "180+0"]

1. e4 c5 2. Nf3 e6 3. g3 Nc6 4. Bg2 d5 5. Nc3 Nf6 6. exd5 exd5 7. d4 cxd4 8.
Nxd4 Bg4 9. Qd3 Bc5 10. Nxc6 bxc6 11. O-O O-O 12. Bg5 h6 13. Bf4 Qd7 14. Na4
Bb6 15. Nxb6 axb6 16. a3 Bh3 17. Be5 Bxg2 18. Kxg2 Ne4 19. Rad1 Qe6 20. Bd4
c5 21. Be3 d4 22. Bc1 Qd5 23. Kg1 Rad8 24. Rfe1 Rfe8 25. c3 Re6 26. cxd4
cxd4 27. f3 Nc5 28. Qf1 Rxe1 29. Rxe1 d3 30. Bd2 Qd4+ 31. Kg2 Qxb2 32. Qf2
Nb3 33. Bb4 d2 34. Rd1 Qc2 35. Qe2 Qd3 36. Kf2 Qd4+ 37. Qe3 h5 38. Qxd4 Rxd4
39. Ke3 f5 40. Bxd2 Kf7 41. Ke2 Ke6 42. Be3 Rxd1 43. Kxd1 b5 44. Kc2 Na5 45.
Kc3 Nc6 46. Bc5 Kd5 47. Bf8 g6 48. h3 Ne5 49. f4 Nc6 50. g4 fxg4 51. hxg4
hxg4 52. Bh6 g3 53. f5 g2 {White forfeits on time} 0-1

[Event "ICCopen2017"]
[Site "Internet Chess Club"]
[Date "2017.03.25"]
[Round "1"]
[White "KnightWalker"]
[Black "ajam"]
[Result "0-1"]
[ICCResult "White forfeits on time"]
[WhiteElo "1360"]
[BlackElo "1886"]
[Opening "Pirc defense"]
[ECO "B07"]
[NIC "PU.08"]
[Time "14:06:58"]
[TimeControl "180+0"]

1. e4 d6 2. d4 Nf6 3. Nd2 e5 4. Ngf3 Nbd7 5. Bb5 c6 6. Bd3 Be7 7. O-O O-O 8.
Nb3 Qc7 9. c3 b5 10. h3 a5 11. Re1 a4 12. Nbd2 Rb8 13. Nf1 c5 14. Bg5 c4 15.
Bc2 Nb6 16. d5 Nbd7 17. Qe2 Nc5 18. Rad1 h6 19. Be3 Ba6 20. Bxc5 Qxc5 21.
N3h2 a3 22. Rb1 b4 23. Qe3 Qa5 24. cxb4 Rxb4 25. b3 cxb3 26. Bxb3 Rfb8 27.
f3 Bd8 28. Kh1 Bb6 29. Qd2 Bc5 30. Ne3 Bc8 31. Nc4 Qc7 32. Nf1 Nh5 33. Nfe3
Bd7 34. Qc1 Qc8 35. Kh2 Nf4 36. Qd2 R4b7 37. Ng4 h5 38. Nge3 Bxh3 39. Bc2
Rxb1 40. Rxb1 Rxb1 41. Bxb1 Bd7 42. g3 Ng6 43. Kg2 Bb5 44. Kf2 h4 45. g4 Nf4
46. Bc2 Bxc4 47. Kg1 Bxa2 48. Kh2 Bd4 49. Nf5 g6 {White forfeits on time}
0-1

[Event "ICCopen2017"]
[Site "Internet Chess Club"]
[Date "2017.03.25"]
[Round "1"]
[White "yachikoham"]
[Black "cloak1"]
[Result "0-1"]
[ICCResult "White forfeits on time"]
[WhiteElo "1320"]
[BlackElo "1850"]
[Opening "Alekhine's defense"]
[ECO "B02"]
[NIC "AL.10"]
[Time "14:07:13"]
[TimeControl "180+0"]

1. e4 Nf6 2. e5 Nd5 3. Bc4 Nb6 4. Bb3 c5 5. c3 d5 6. exd6 exd6 7. d3 d5 8.
Ne2 Nc6 9. O-O Bd6 10. Nd2 O-O 11. Nf3 Bg4 12. Ng3 Ne5 13. d4 Nxf3+ 14. gxf3
Bh3 15. Re1 c4 16. Bc2 Qf6 17. f4 Rfe8 18. Be3 Bxf4 19. Qh5 g6 20. Qxh3 Bxe3
21. Rxe3 Rxe3 22. fxe3 Qf3 23. Re1 Re8 24. Bd1 Qf6 25. Rf1 Qe7 26. Rf3 Qg5
27. Kf2 Kh8 28. Rf4 Qe7 29. Rh4 Qxe3+ 30. Kg2 Qd2+ 31. Ne2 Rxe2+ 32. Bxe2
Qxe2+ 33. Kh1 Qe1+ {White forfeits on time} 0-1

[Event "ICCopen2017"]
[Site "Internet Chess Club"]
[Date "2017.03.25"]
[Round "2"]
[White "jefferyx"]
[Black "alejandrorios"]
[Result "1-0"]
[ICCResult "Black resigns"]
[WhiteElo "2692"]
[BlackElo "1938"]
[Opening "Queen's pawn: London system"]
[ECO "A45"]
[NIC "QP.07"]
[Time "14:16:31"]
[TimeControl "180+0"]

1. d4 Nf6 2. Bf4 e6 3. e3 c5 4. Nf3 Qb6 5. Na3 Be7 6. Nc4 Qd8 7. Nd6+ Kf8 8.
dxc5 Nc6 9. c3 a5 10. Bc4 b6 11. Ng5 Bxd6 12. Qxd6+ Kg8 13. O-O-O bxc5 14.
Qxc6 {Black resigns} 1-0

[Event "ICCopen2017"]
[Site "Internet Chess Club"]
[Date "2017.03.25"]
[Round "2"]
[White "gannikus1992"]
[Black "bythebook"]
[Result "1-0"]
[ICCResult "Black resigns"]
[WhiteElo "2435"]
[BlackElo "1545"]
[Opening "Caro-Kann: advance variation"]
[ECO "B12"]
[NIC "CK.04"]
[Time "14:18:03"]
[TimeControl "180+0"]

1. e4 c6 2. d4 d5 3. e5 Bf5 4. Nf3 e6 5. Be2 Ne7 6. O-O Nd7 7. Nbd2 a6 8. c4
dxc4 9. Nxc4 Nb6 10. Nd6+ Kd7 11. Nxf7 {Black resigns} 1-0